Description

tvt build order getting ravens and a 3rd cc

Build Order

Get SALT Encoding   

  14  0:13  Supply Depot  
  15  0:17  Refinery  
  16  0:40  Barracks  
  17  0:56  Refinery  
  19  1:30  Reaper, Orbital Command  
  20  1:45  Factory  pull 3 workers from gas
  20  1:50  Supply Depot  
  21  2:00  Reaper  
  23  2:22  Hellion  
  26  2:33  Command Center  
  27  2:40  Supply Depot, Reaper  
  29  2:57  Starport  workers back in gas
  29  3:00  Hellion  
  32  3:18  Barracks Reactor  
  32  3:22  Refinery  
  33  3:24  Factory Tech Lab  
  33  3:32  Starport Tech Lab  
  35  3:46  Cyclone  
  38  3:56  Raven, Marine  continue production
  43  4:05  Supply Depot  
  47  4:30  Siege Tank  procduction
  55  4:38  Raven  
  64  5:23  Command Center  
  65  5:25  Refinery  
  76  5:32  Action  swap starport and rax after second raven
  76  5:35  Viking x2  
  78  5:37  Siege Tank  
  78  5:43  Stimpack  
  78  5:53  Barracks x2  
  78  6:05  Action  move out when vikings pop
  78  6:13  Siege Tank  
  78  6:20  Viking  
  78  6:35  Engineering Bay x2  
  77  6:53  Orbital Command  
  78  6:55  Barracks Reactor x2  
  78  7:00  Barracks x2  
  77  7:20  Terran Infantry Weapons Level 1, Terran Infantry Armor Level 1  
  78  7:50  Refinery x2  
  78  8:00  Sensor Tower  3rd base/ spotter marines around map
Spawning Tool Build Advisor. Get it on Overwolf

Go to:

Details

  • Created by: realgravity620
  • Published on: Jun 26, 2019
  • Modified on: Jun 28, 2019
  • Patch: 4.7.1
Show
View Real Time Build Order
Export as new Build Order

Comments (0)

There are no comments. Be the first!

Create an account to comment!